Map: New Repugnancy LE

Players

pHARM

  • Race: Zerg Zerg
  • League: Platinum
  • Spawn Location: 7:00

GaryLau - Winner!

  • Race: Terran Terran
  • League: Platinum
  • Spawn Location: 1:00

VOD

Have the link to the VOD?

Description

Time

  • Played on: July 20, 2019, 12:31 p.m.
  • Length: 18:45
Show
View Real Time Build Order
Export as new Build Order

pHARM Zerg 

Build Orders: Hatch First, Muta Ling Bane 

Get SALT Encoding   

  12  0:01  Drone  
  13  0:11  Drone  
  14  0:17  Overlord  
  14  0:36  Drone  
  14  0:37  Drone  
  16  0:51  Hatchery  
  16  0:55  Drone  
  16  0:56  Drone  
  17  1:09  Extractor  
  16  1:15  Spawning Pool  
  16  1:17  Drone  
  16  1:19  Drone  
  16  1:22  Drone  
  18  1:33  Drone  
  19  1:41  Drone  
  20  1:55  Drone  
  21  2:03  Zergling x4  
  21  2:04  Queen x2  
  27  2:10  Metabolic Boost  
  27  2:29  Drone  
  28  2:30  Overlord  
  28  2:54  Drone x5  
  33  3:00  Overlord  
  33  3:04  Lair  
  33  3:08  Hatchery  
  32  3:18  Overlord, Queen  
  34  3:22  Drone  
  34  3:23  Drone  
  36  3:40  Baneling Nest  
  36  3:41  Drone x6  
  41  4:01  Pneumatized Carapace  
  41  4:04  Zergling x6  
  41  4:05  Overlord x3  
  43  4:19  Spore Crawler  
  42  4:24  Spore Crawler  
  41  4:34  Queen x2  
  41  4:35  Spore Crawler  
  44  4:39  Spore Crawler  
  43  4:48  Drone x11  
  43  4:49  Drone  
  55  5:06  Extractor  
  54  5:08  Extractor  
  54  5:13  Centrifical Hooks  
  53  5:35  Queen x2  
  55  5:36  Queen  
  55  5:40  Spore Crawler  
  55  5:42  Spore Crawler  
  57  5:43  Drone x14  
  57  5:44  Drone  
  64  6:26  Queen  
  64  6:27  Queen  
  65  6:43  Extractor  
  65  6:44  Spire  
  65  6:45  Queen  
  65  6:54  Extractor  
  64  6:55  Extractor  
  63  7:02  Queen  
  65  7:10  Zergling x16  
  65  7:12  Overlord x5  
  65  7:13  Overlord x4  
  73  7:25  Overlord x2  
  73  7:36  Baneling x10  
  73  7:48  Overlord x2  
  73  7:57  Mutalisk x11  
  95  8:18  Mutalisk, Zerg Flyer Weapons Level 1  
  95  8:19  Mutalisk  
  99  8:21  Mutalisk  
  91  8:42  Mutalisk x3  
  88  8:58  Mutalisk  
  88  8:59  Mutalisk  
  90  9:04  Mutalisk  
  90  9:06  Zergling x28  
  90  9:07  Zergling x4  
  104  9:21  Nydus Network  
  103  10:08  Nydus Canal  
  103  10:20  Corruptor x6  
  103  10:21  Corruptor x4  
  123  10:42  Hatchery  
  122  10:55  Drone x9  
  131  11:19  Corruptor x4  
  121  11:47  Corruptor x5  
  123  11:57  Corruptor x2  
  121  12:06  Corruptor  
  100  12:19  Corruptor x2  
  94  12:55  Lair  
  69  13:43  Drone x3, Queen x2  
  76  13:49  Hatchery  
  75  13:56  Infestation Pit  
  74  14:07  Extractor  
  73  14:10  Extractor  
  72  14:19  Queen  
  74  14:36  Pathogen Glands  
  74  14:41  Queen x2  
  78  14:49  Corruptor x9  
  96  14:55  Queen  
  98  15:02  Infestor x4  
  108  15:33  Neural Parasite  
  82  16:11  Infestor x5  
  84  16:22  Drone x4  
  75  17:11  Drone x3  
  75  17:12  Drone x6  
  75  17:15  Hatchery  
  83  17:24  Infestor x2  
  87  17:32  Hive  
  87  18:18  Hatchery  
  87  18:19  Zergling x2  
  97  18:20  Zergling x10  
Show
View Real Time Build Order
Export as new Build Order

GaryLau Terran - Winner!

Build Orders: 1/1/1 

Get SALT Encoding   

  12  0:04  SCV  
  13  0:16  SCV  
  14  0:28  SCV  
  15  0:30  Supply Depot  
  15  0:34  Refinery  
  15  0:37  Refinery  
  15  0:52  SCV  
  15  0:53  Barracks  
  17  1:04  SCV  
  17  1:16  SCV  
  18  1:28  SCV  
  19  1:40  SCV  
  19  1:41  Factory  
  19  1:42  Reaper  
  21  1:53  Orbital Command  
  21  2:04  Supply Depot  
  21  2:15  Marine  
  22  2:27  Starport  
  22  2:29  Widow Mine  
  24  2:33  Marine  
  25  3:03  Command Center  
  25  3:10  Fusion Core  
  25  3:16  Starport Tech Lab  
  25  3:21  Widow Mine  
  27  3:27  Supply Depot  
  27  3:38  Engineering Bay  
  27  3:41  SCV  
  28  4:00  Battlecruiser  
  34  4:15  Planetary Fortress  
  34  4:21  Widow Mine  
  36  4:26  Refinery  
  36  4:27  Weapon Refit  
  36  4:37  SCV  
  37  4:43  Refinery  
  37  4:54  SCV  
  38  5:15  Battlecruiser  
  38  5:17  SCV  
  45  5:26  SCV  
  46  5:29  SCV  
  47  5:38  SCV  
  48  5:47  SCV  
  49  5:56  Command Center  
  49  5:57  SCV  
  50  6:46  Battlecruiser  
  56  6:47  SCV  
  56  6:48  Starport  
  56  6:50  SCV  
  56  6:53  Missile Turret  
  58  6:57  Supply Depot  
  58  7:09  SCV  
  59  7:20  Planetary Fortress  
  59  7:26  SCV  
  60  7:34  Missile Turret  
  60  7:38  Starport Tech Lab  
  60  7:50  Battlecruiser  
  66  7:57  SCV  
  67  8:00  Battlecruiser  
  67  8:02  SCV  
  74  8:06  Armory  
  74  8:09  Hi-Sec Auto Tracking  
  74  8:12  SCV  
  75  8:19  Armory  
  75  8:22  SCV  
  70  9:12  Battlecruiser  
  70  9:14  Battlecruiser  
  70  9:15  Terran Vehicle And Ship Armor Level 1  
  82  9:24  Refinery  
  82  9:26  Refinery  
  82  9:27  SCV  
  82  9:28  Terran Ship Weapons Level 1  
  83  9:32  Missile Turret  
  83  9:36  SCV  
  84  9:39  SCV  
  85  9:54  SCV x2  
  87  10:06  SCV  
  88  10:16  Command Center  
  88  10:24  Battlecruiser  
  94  10:31  Missile Turret  
  94  10:38  Battlecruiser  
  100  10:42  Supply Depot  
  100  10:45  Missile Turret  
  100  10:57  Missile Turret  
  99  11:16  Missile Turret  
  99  11:21  Terran Vehicle And Ship Armor Level 2  
  99  11:28  Missile Turret  
  99  11:29  Battlecruiser, Missile Turret  
  99  11:50  Missile Turret  
  81  12:21  Battlecruiser  
  81  12:23  Starport  
  75  12:31  Starport  
  75  12:34  SCV, Terran Ship Weapons Level 2  
  64  12:38  Supply Depot  
  64  12:45  Supply Depot  
  64  12:46  SCV  
  65  12:53  Battlecruiser  
  65  12:54  Factory Tech Lab  
  71  13:06  SCV  
  71  13:09  Viking  
  71  13:10  Viking  
  73  13:33  Battlecruiser  
  79  13:39  Viking  
  79  13:40  Viking  
  83  13:45  SCV  
  83  13:46  Command Center  
  84  13:56  SCV  
  84  13:57  SCV  
  86  14:06  Battlecruiser  
  86  14:09  SCV  
  93  14:10  Viking  
  93  14:11  Hellion  
  93  14:13  SCV  
  98  14:17  SCV  
  99  14:36  Hellion, Infernal Pre-Igniter  
  101  14:38  Viking  
  101  14:44  Viking  
  105  14:57  Hellion  
  105  14:58  Missile Turret  
  107  15:10  Battlecruiser  
  107  15:11  Viking  
  121  15:14  Battlecruiser  
  121  15:18  Hellion  
  123  15:43  Planetary Fortress  
  123  15:48  Viking, Hellion  
  123  15:49  Viking  
  123  16:09  Hellion  
  107  16:18  Viking  
  107  16:19  Viking  
  107  16:23  SCV  
  107  16:24  Viking  
  114  16:26  Viking  
  114  16:31  Hellion  
  118  16:35  SCV  
  119  16:52  Hellion  
  121  16:54  Viking  
  121  16:56  Viking  
  121  16:58  Refinery  
  125  17:02  Refinery  
  119  17:20  Viking  
  119  17:21  Viking  
  123  17:33  Missile Turret  
  123  17:37  Command Center  
  123  17:40  Missile Turret  
  123  17:50  Viking  
  125  17:51  Viking  
  125  17:55  Viking  
  135  18:12  Missile Turret  
  137  18:33  Missile Turret  
Tags
 
Add a new tag
Caveats
  • Supply blocks, unpowered buildings, or Contaminate may cause inaccurate times.
  • Supply counts are checked every 10 seconds.